 Dungeon Crawl Stone Soup version 0.27.1-3-gb3d3a73c9e (webtiles) character file.

Game seed: 495714005375986470

74 bnorton916 the Conjurer (level 4, 0/24 HPs)
             Began as a Deep Elf Conjurer on Oct 17, 2021.
             Killed by divine providence
             ... invoked by an orc priest
              (15 damage)
             ... on level 2 of the Dungeon.
             The game lasted 00:01:30 (1795 turns).

bnorton916 the Conjurer (Deep Elf Conjurer)         Turns: 1795, Time: 00:01:31

Health: 0/24       AC:  2    Str:  4    XL:     4   Next: 10%
Magic:  8/12       EV: 12    Int: 24    God:
Gold:   52         SH:  0    Dex: 13    Spells: 9/12 levels left

rFire    . . .     SeeInvis .   (no weapon)
rCold    . . .     Faith    .   (no shield)
rNeg     . . .     Spirit   .   a - +0 robe
rPois    +         Reflect  .   (no helmet)
rElec    .         Harm     .   (no cloak)
rCorr    .         Rampage  .   (no gloves)
Will     .....                  (no boots)
Stlth    ++........             (no amulet)
HPRegen  0.08/turn              k - ring of poison resistance
MPRegen  0.13/turn              (no ring)

@: no status effects
A: no striking features
a: no special abilities


You were on level 2 of the Dungeon.
You visited 1 branch of the dungeon, and saw 2 of its levels.

You collected 52 gold pieces.

Inventory:

Armour
 a - a +0 robe (worn)
Jewellery
 k - a ring of poison resistance (left hand)
Wands
 j - a wand of mindburst (14)
Scrolls
 c - 2 scrolls of enchant armour {unknown}
 h - a scroll of summoning {unknown}
 i - a scroll of identify {unknown}
Potions
 b - 2 potions of curing {unknown}
 d - a potion of magic {unknown}
 e - 2 potions of degeneration {unknown}
 f - a potion of haste {unknown}
 g - a potion of heal wounds {unknown}


   Skills:
 - Level 2.4 Dodging
 - Level 2.4 Stealth
 + Level 4.7 Spellcasting
 + Level 5.3 Conjurations


You had 9 spell levels left.
You knew the following spells:

 Your Spells              Type           Power      Damage    Failure   Level
a - Magic Dart            Conj           100%       1d8       1%          1
b - Searing Ray           Conj           62%        3d5       1%          2

Your spell library contained the following spells:

 Spells                   Type           Power      Damage    Failure   Level
 Dazzling Flash           Conj/Hex       36%        N/A       9%          3
 Fulminant Prism          Conj/Hex       9%         3d7       30%         4
 Iskenderun's Mystic Bla  Conj/Tloc      18%        2d6       30%         4


Dungeon Overview and Level Annotations

Branches:
Dungeon (2/15)

Altars:


Message History

Aiming: Magic Dart (safe; 1% risk of failure)
Press: ? - help, Shift-Dir - straight line, f/p - dart slug
Aim: a dart slug (heavily wounded, 100% to hit)
The magic dart hits the dart slug!
You kill the dart slug!
Casting: Magic Dart (safe; 1% risk of failure)
Confirm with . or Enter, or press ? or * to list all spells.
You can't see any susceptible monsters within range! (Use Z to cast anyway.)
Casting: Magic Dart (safe; 1% risk of failure)
Confirm with . or Enter, or press ? or * to list all spells.
You can't see any susceptible monsters within range! (Use Z to cast anyway.)
Found a metallic purple potion.
e - 2 metallic purple potions (gained 1) 2 orcs and 2 orc priests come into view.
The orc shouts! x2; The orc priest shouts!
There are monsters nearby!
There are monsters nearby!
Casting: Magic Dart (safe; 1% risk of failure)
Confirm with . or Enter, or press ? or * to list all spells.
Okay, then.
Casting: Magic Dart (safe; 1% risk of failure)
Confirm with . or Enter, or press ? or * to list all spells.
Aiming: Searing Ray (safe; 1% risk of failure)
Press: ? - help, Shift-Dir - straight line, f - orc priest
Aim: an orc priest, wielding a +0 short sword and wearing a +0 leather armour (79% to hit)
The searing ray misses the orc.
The searing ray hits the orc priest.
The orc priest is moderately wounded. (Press . to maintain the ray.)
The searing ray hits the orc!
You kill the orc!
The searing ray hits the orc priest!
The orc priest is almost dead.
The orc priest invokes the aid of Beogh against you.
Beogh smites you!
The searing ray hits the orc priest!
You kill the orc priest!
The orc priest calls down the wrath of Beogh upon you.
Beogh smites you!
Ouch! That really hurt!
You die...

###.# ##
#.# .#
#.# .#
#.#
.####.#
#.#
......#
#.#
.######
#.# .#
#.# .#
#@# .#
#.o.o.).#
.#
#.#######
## # # #
# #


You could see an orc priest and an orc.

Vanquished Creatures
  An orc priest (D:2)
  2 adders (D:2)
  2 worms (D:2)
  2 dart slugs
  An orc (D:2)
  4 ball pythons
  7 endoplasms
  A giant cockroach (D:1)
  5 goblins
  5 hobgoblins
  3 quokkas
  A frilled lizard (D:2)
  5 kobolds
  4 rats
43 creatures vanquished.

Notes
Turn   | Place    | Note
-------+----------+-------------------------------------------
     0 | D:1      | bnorton916 the Deep Elf Conjurer began the quest for the
                  | Orb.
     0 | D:1      | Reached XP level 1. HP: 10/10 MP: 6/6
   218 | D:1      | Reached XP level 2. HP: 15/15 MP: 4/8
   931 | D:2      | Reached skill level 5 in Conjurations
   931 | D:2      | Reached XP level 3. HP: 19/19 MP: 5/10
   934 | D:2      | Learned a level 2 spell: Searing Ray
  1466 | D:2      | Found a faded altar of an unknown god.
  1527 | D:2      | Reached XP level 4. HP: 24/24 MP: 10/12
  1795 | D:2      | Killed from afar by an orc priest

Illustrated notes

Levels and vault maps discovered:
D:1:      dpeg_arrival_refuge, layout_basic, minmay_misc_feat_encased,
          serial_bayou_lake_a
D:2:      minmay_thinvault, layout_loops_ring,
          hellmonk_ecumenical_altar_crossroads, minmay_statues_item,
          minmay_indecisive_spiral

Skill      XL: |  1  2 |
---------------+-------+-----
Spellcasting   | 4 |  4.7
Conjurations   | 5 |  5.3
Dodging        | |  2.4
Stealth        | |  2.4

Action                   |  1- 3 |  4- 6 || total
-------------------------+-------+-------++-------
 Cast: Magic Dart        |    67 |     6 ||    73
       Searing Ray       |     1 |     1 ||     2
